 Dungeon Crawl Stone Soup version 0.29.1 (webtiles) character file.

Game seed: 16956407854259449980

276 qw the Chopper (level 6, 0/52 HPs)
             Began as a Minotaur Berserker on Sept 13, 2022.
             Was a Follower of Trog.
             Succumbed to a kobold's poison
             ... on level 3 of the Dungeon.
             The game lasted 00:00:31 (2339 turns).

qw the Chopper (Minotaur Berserker)                 Turns: 2339, Time: 00:00:32

Health: 0/52       AC:  7    Str: 24    XL:     6   Next: 4%
Magic:  5/5        EV: 10    Int:  4    God:    Trog [*.....]
Gold:   152        SH:  0    Dex:  9    Spells: 5/5 levels left

rFire   . . .      SeeInvis .   Y - +0 hand axe (venom)
rCold   . . .      Faith    .   (no shield)
rNeg    . . .      Spirit   .   i - +0 scale mail
rPois   .          Reflect  .   (helmet restricted)
rElec   .          Harm     .   (no cloak)
rCorr   .          Rampage  .   b - +0 pair of gloves
Will    .....                   (no boots)
Stlth   ..........              (no amulet)
HPRegen 0.17/turn               (no ring)
MPRegen 0.09/turn               (no ring)

@: lethally poisoned (0 -> -5)
A: horns 2, retaliatory headbutt
a: Renounce Religion, Berserk


You were on level 3 of the Dungeon.
You worshipped Trog.
Trog was aware of your devotion.
You visited 1 branch of the dungeon, and saw 3 of its levels.

You collected 152 gold pieces.


Innate Abilities, Weirdness & Mutations

You have a pair of horns on your head.
You reflexively headbutt those who attack you in melee.


   Skills:
 - Level 4.0 Fighting
 + Level 7.6 Axes
 - Level 1.6 Throwing
 - Level 2.4 Armour
 - Level 2.1 Dodging


You had 5 spell levels left.
You didn't know any spells.
Your spell library was empty.

Inventory:

Hand Weapons
 g - a +0 mace
 Y - a +0 hand axe of venom (weapon)
Missiles
 h - 4 javelins (quivered)
Armour
 b - a +0 pair of gloves (worn)
 i - a +0 scale mail (worn)
 k - a +2 robe of fire resistance
Jewellery
 f - a +4 ring of evasion
 l - an amulet of the acrobat
Scrolls
 d - a scroll of brand weapon {unknown}
 j - a scroll of enchant weapon {unknown}
 m - a scroll of teleportation {unknown}
Potions
 a - a potion of curing {unknown}
 c - a potion of degeneration {unknown}
 e - a potion of haste {unknown}
 n - a potion of might {unknown}

Dungeon Overview and Level Annotations

Branches:
Dungeon (3/15)

Altars:


Message History

You feel sick.
The kobold throws a poisoned dart.
The poisoned dart hits you!
You are more poisoned.
2322 ||| FLEEEEING.
You feel very sick.
The kobold throws a poisoned dart.
The poisoned dart barely misses you.
2323 ||| FLEEEEING.
You feel very sick.
2324 ||| FLEEEEING.
You feel sick.
You feel sick.
2326 ||| FLEEEEING.
You feel sick.
2327 ||| FLEEEEING.
You feel sick.
2328 ||| FLEEEEING.
You feel sick.
The kobold throws a poisoned dart.
The poisoned dart hits you!
You are more poisoned.
2329 ||| FLEEEEING.
You feel very sick.
2330 ||| FLEEEEING.
You feel very sick.
The kobold throws a poisoned dart.
The poisoned dart barely misses you.
2331 ||| FLEEEEING.
You feel sick.
The kobold throws a poisoned dart.
The poisoned dart hits you!
You are more poisoned.
2332 ||| FLEEEEING.
You feel very sick.
The kobold throws a poisoned dart.
The poisoned dart hits you!
You are lethally poisoned!
2333 ||| FLEEEEING.
You feel very sick.
2334 ||| FLEEEEING.
You feel very sick.
2335 ||| FLEEEEING.
You feel very sick.
2336 ||| FLEEEEING.
You feel sick.
You feel sick.
You feel sick.
You die...

#<.._.........#........####)....
#......#.#.####..##.##########.#
#........#................# #..
#.......##..###>.##.#####.# ###
##########..###.###.# #.#
#..........# #.#
##.###.#########.##
#................#
#########@#########..#
#.........# #..#### #.........#
#.....# #.........##### #.###.##
................# ### #[..
#####.......###.# ####
....<....# #.#.........
#.#......###


There were no monsters in sight!

Vanquished Creatures
  Sigmund (D:2)
  Terence (D:2)
  Natasha (thrice) (D:2)
  A dart slug (D:2)
  2 endoplasms
  A giant cockroach (D:1)
  4 goblins (D:1)
  2 hobgoblins
  2 jackals (D:1)
  A quokka (D:2)
  A ball python (D:1)
  A bat (D:2)
  A frilled lizard (D:1)
  A kobold (D:1)
  A rat (D:1)
23 creatures vanquished.

Notes
Turn   | Place    | Note
-------+----------+-------------------------------------------
     0 | D:1      | qw the Minotaur Berserker began the quest for the Orb.
     0 | D:1      | Reached XP level 1. HP: 19/19 MP: 0/0
     0 | D:1      | 0 ||| qw: Version: 0.1-a-119-g272c26d
     0 | D:1      | 0 ||| qw: Game counter: 11285
     0 | D:1      | 0 ||| qw: Always use a shield: true
     0 | D:1      | 0 ||| qw: Do Orc after D:15 true
     0 | D:1      | 0 ||| qw: Do second Lair branch before Depths: true
     0 | D:1      | 0 ||| qw: Lair rune preference: random
     0 | D:1      | 0 ||| qw: Plans: Normal
     0 | D:1      | 0 ||| PLANNING D:1-11
   224 | D:1      | Reached skill level 4 in Axes
   398 | D:1      | Reached XP level 2. HP: 26/26 MP: 1/1
   938 | D:1      | 938 ||| UPGRADING to +0 ring mail.
   948 | D:1      | 948 ||| DROPPING +0 animal skin.
   949 | D:1      | 949 ||| READING scroll labelled NENUH QAMUIT.
   950 | D:1      | 950 ||| READING scroll labelled COZEXU JUOLAEB.
  1060 | D:2      | 1060 ||| READING scroll labelled AWOIKU COSUQAP.
  1061 | D:2      | 1061 ||| Stepping randomly (stuck).
  1062 | D:2      | 1062 ||| Stepping randomly (stuck).
  1238 | D:2      | Noticed Terence
  1239 | D:2      | 1239 ||| INVOKING Berserk.
  1243 | D:2      | Killed Terence
  1244 | D:2      | Reached skill level 5 in Axes
  1244 | D:2      | Reached XP level 3. HP: 31/31 MP: 2/2
  1290 | D:2      | 1290 ||| Stepping ~*~*~tactically~*~*~ (stealth).
  1310 | D:2      | 1310 ||| SWAPPING to +0 hand axe of venom.
  1311 | D:2      | 1311 ||| DROPPING +0 hand axe.
  1425 | D:2      | Noticed Sigmund
  1425 | D:2      | Noticed Natasha
  1427 | D:2      | 1427 ||| INVOKING Berserk.
  1431 | D:2      | Killed Natasha
  1432 | D:2      | Reached skill level 1 in Throwing
  1432 | D:2      | Reached XP level 4. HP: 39/39 MP: 3/3
  1437 | D:2      | Killed Sigmund
  1438 | D:2      | Reached skill level 7 in Axes
  1438 | D:2      | Reached XP level 5. HP: 43/45 MP: 4/4
  1596 | D:2      | Noticed Natasha
  1601 | D:2      | 1601 ||| Stepping ~*~*~tactically~*~*~ (hiding).
  1603 | D:2      | 1603 ||| INVOKING Berserk.
  1606 | D:2      | Killed Natasha
  1934 | D:2      | 1934 ||| UPGRADING to +0 pair of gloves.
  1939 | D:2      | 1939 ||| UPGRADING to +0 scale mail.
  1949 | D:2      | 1949 ||| DROPPING +0 ring mail.
  1950 | D:2      | 1950 ||| READING scroll labelled CUILUF MUARIPI.
  1951 | D:2      | 1951 ||| READING scroll labelled OLEAKE UGING.
  1952 | D:2      | 1952 ||| READING scroll labelled WUCHUIL VICU.
  1953 | D:2      | 1953 ||| Stepping randomly (stuck).
  1954 | D:2      | 1954 ||| Stepping ~*~*~tactically~*~*~ (cloud).
  2071 | D:2      | Noticed Natasha
  2072 | D:2      | 2072 ||| Stepping ~*~*~tactically~*~*~ (stealth).
  2082 | D:2      | 2082 ||| INVOKING Berserk.
  2086 | D:2      | Killed Natasha
  2087 | D:2      | Reached XP level 6. HP: 52/52 MP: 5/5
  2204 | D:3      | Found a faded altar of an unknown god.
  2319 | D:3      | 2319 ||| FLEEEEING.
  2320 | D:3      | 2320 ||| FLEEEEING.
  2321 | D:3      | 2321 ||| FLEEEEING.
  2322 | D:3      | 2322 ||| FLEEEEING.
  2323 | D:3      | 2323 ||| FLEEEEING.
  2324 | D:3      | 2324 ||| FLEEEEING.
  2326 | D:3      | 2326 ||| FLEEEEING.
  2327 | D:3      | 2327 ||| FLEEEEING.
  2328 | D:3      | 2328 ||| FLEEEEING.
  2329 | D:3      | 2329 ||| FLEEEEING.
  2330 | D:3      | 2330 ||| FLEEEEING.
  2331 | D:3      | 2331 ||| FLEEEEING.
  2332 | D:3      | 2332 ||| FLEEEEING.
  2333 | D:3      | 2333 ||| FLEEEEING.
  2333 | D:3      | HP: 13/52 [poisoned by a kobold]
  2334 | D:3      | 2334 ||| FLEEEEING.
  2335 | D:3      | 2335 ||| FLEEEEING.
  2335 | D:3      | HP: 6/52 [poisoned by a kobold]
  2336 | D:3      | 2336 ||| FLEEEEING.
  2338 | D:3      | HP: 2/52 [poisoned by a kobold]
  2339 | D:3      | Succumbed to a kobold's poison

Levels and vault maps discovered:
D:1:      evilmike_arrival_grusome_pit, layout_basic
D:2:      layout_loops_cross, serial_aquarium, aquarium_bridge_island_small
          [aquarium_subvault_small_water, aquarium_subvault_balcony,
          aquarium_subvault_bridge, aquarium_subvault_window,
          aquarium_subvault_wall], aquarium_window_corner, aquarium_window_2,
          aquarium_window_double, aquarium_window_fake, aquarium_view_2c,
          aquarium_view_2b, aquarium_balcony_3a, minmay_misc_feat_five,
          minmay_misc_feat_doors, uniq_sigmund, uniq_natasha, uniq_terence
D:3:      layout_basic, lemuel_round_altar, gammafunk_ghost_split, serial_shops,
          nicolae_shop_crystal, serial_glass, glass_columns_b, glass_columns_b,
          dreamdust_ecumenical_altar_statues

Skill      XL: |  1  2  3  4  5 |
---------------+----------------+-----
Axes           | 4 5 7 |  7.6
Throwing       | 1 |  1.6
Fighting       | 4 |  4.0
Armour         | |  2.4
Dodging        | |  2.1

Action                   |  1- 3 |  4- 6 || total
-------------------------+-------+-------++-------
Melee: Hand axe          |    41 |    11 ||    52
       Headbutt          |     7 |       ||     7
       Punch             |     1 |       ||     1
Throw: Javelin           |     1 |     2 ||     3
Invok: Berserk           |     2 |     2 ||     4
  Use: Scroll            |     3 |     3 ||     6
Armor: Animal skin       |     3 |       ||     3
       Ring mail         |     2 |       ||     2
       Scale mail        |       |     1 ||     1
Dodge: Dodged            |    16 |     5 ||    21

Table legend:
 A = Non-vault XP
 B = Vault XP
 C = Vault XP percentage of total XP
 D = Non-vault monster count
 E = Vault monster count
 F = Vault count percentage of total count
                 A         B        C        D         E       F
            +---------+---------+-------+---------+---------+-------
      Total |     103 |     292 |  73.9 |      20 |       3 |  13.0
            +---------+---------+-------+---------+---------+-------
        D:1 |      22 |       0 |   0.0 |      13 |       0 |   0.0
        D:2 |      81 |     292 |  78.3 |       7 |       3 |  30.0
            +---------+---------+-------+---------+---------+-------
